Map: Prion Terraces

Players

juhyg - Winner!

  • Race: Zerg Zerg
  • League: Bronze

Phalynx

  • Race: Protoss Protoss

VOD

Have the link to the VOD?

Description

Time

  • Played on: Nov. 18, 2015, 5:23 p.m.
  • Length: 14:26
Show
View Real Time Build Order
Export as new Build Order

juhyg Zerg - Winner!

Build Orders: Pool First 

Get SALT Encoding   

  12  0:08  Overlord  
  12  0:14  Drone  
  12  0:17  Drone  
  14  0:32  Drone x2  
  16  0:44  Spawning Pool  
  16  0:46  Drone  
  16  0:52  Extractor  
  16  0:53  Drone  
  16  1:14  Drone x2  
  18  1:25  Drone  
  19  1:36  Queen  
  21  1:48  Overlord  
  21  2:08  Hatchery  
  20  2:35  Lair  
  20  2:37  Metabolic Boost  
  20  2:41  Zergling x4  
  20  2:42  Zergling x2  
  23  2:58  Spine Crawler x2  
  22  2:59  Spine Crawler  
  20  3:26  Spore Crawler  
  19  3:31  Spore Crawler  
  19  3:33  Spore Crawler  
  17  3:37  Drone x4  
  17  3:39  Spore Crawler  
  20  3:52  Drone x3  
  20  3:53  Queen  
  25  3:59  Drone  
  25  4:00  Drone  
  27  4:20  Drone x2  
  27  4:21  Drone x4  
  33  4:42  Infestation Pit  
  32  4:52  Drone x2, Spire  
  33  4:53  Drone x2  
  33  4:56  Extractor  
  34  5:11  Drone x2  
  36  5:34  Spine Crawler  
  35  5:46  Spine Crawler  
  35  5:48  Drone x2  
  36  5:57  Hive  
  36  6:14  Overlord x4  
  36  6:34  Mutalisk x2  
  36  6:35  Mutalisk  
  42  6:48  Extractor  
  42  6:50  Drone x2  
  42  6:51  Drone x4, Extractor  
  46  7:05  Zerg Flyer Weapons Level 1  
  46  7:09  Mutalisk  
  46  7:15  Overlord x3  
  48  7:24  Mutalisk  
  48  7:28  Zergling x4  
  48  7:29  Zergling x2  
  53  7:44  Mutalisk  
  53  7:45  Mutalisk  
  53  7:49  Mutalisk  
  59  8:25  Spine Crawler  
  59  8:26  Spine Crawler  
  57  8:41  Mutalisk x4  
  57  8:42  Mutalisk  
  67  8:52  Hatchery  
  66  9:12  Mutalisk  
  66  9:13  Mutalisk x3  
  74  9:33  Zerg Flyer Weapons Level 2  
  74  10:33  Mutalisk x6  
  74  10:34  Mutalisk  
  72  11:30  Zergling x12  
  76  12:13  Zergling x10  
  76  12:14  Zergling x4  
  83  13:15  Spawning Pool  
  83  13:19  Drone x4  
Show
View Real Time Build Order
Export as new Build Order

Phalynx Protoss 

Build Orders:  

Get SALT Encoding   

  12  0:02  Probe (Chrono Boost)  
  13  0:13  Probe (Chrono Boost)  
  14  0:19  Pylon  
  14  0:28  Probe (Chrono Boost)  
  15  0:31  Pylon  
  15  0:38  Probe (Chrono Boost)  
  16  0:53  Gateway  
  16  0:58  Probe (Chrono Boost)  
  16  1:02  Forge  
  17  1:10  Assimilator  
  17  1:13  Probe (Chrono Boost)  
  18  1:24  Probe (Chrono Boost)  
  19  1:43  Cybernetics Core  
  19  1:53  Photon Cannon  
  19  1:56  Photon Cannon  
  19  1:58  Zealot  
  21  2:06  Probe (Chrono Boost)  
  22  2:12  Assimilator  
  22  2:17  Probe (Chrono Boost)  
  22  2:20  Warp Gate (Chrono Boost)  
  23  2:35  Nexus  
  23  2:53  Adept  
  25  3:20  Adept  
  27  3:27  Pylon  
  27  3:34  Probe  
  28  3:46  Probe  
  28  3:48  Gateway  
  29  3:49  Gateway  
  29  3:50  Pylon  
  29  3:54  Pylon  
  29  3:58  Probe  
  30  4:10  Pylon  
  30  4:20  Twilight Council  
  30  4:36  Adept  
  32  4:50  Adept x2  
  36  5:20  Gateway  
  36  5:21  Probe  
  36  5:22  Probe, Gateway  
  36  5:24  Gateway  
  36  5:28  Assimilator  
  38  5:31  Assimilator, Probe  
  38  5:34  Probe  
  40  5:42  Probe, Photon Cannon  
  40  5:46  Probe  
  42  5:55  Zealot x2  
  42  5:56  Zealot  
  46  6:25  Pylon  
  46  6:28  Photon Cannon  
  46  6:31  Probe  
  46  6:32  Probe  
  48  6:41  Probe  
  48  6:44  Probe  
  50  6:52  Probe  
  51  6:56  Mothership Core  
  51  7:00  Charge (Chrono Boost)  
  53  7:02  Probe  
  54  7:15  Protoss Ground Weapons Level 1  
  54  7:17  Probe x2  
  56  7:26  Robotics Facility  
  56  7:33  Stalker  
  56  7:34  Stalker x2  
  62  7:40  Photon Cannon  
  62  7:43  Photon Cannon  
  62  7:50  Pylon  
  62  8:19  Photon Cannon  
  62  8:23  Observer, Blink (Chrono Boost)  
  63  8:30  Probe  
  64  8:40  Photon Cannon  
  64  8:43  Stalker x2  
  64  8:44  Stalker x2, Immortal (Chrono Boost)  
  76  9:15  Gateway  
  76  9:19  Gateway  
  76  9:22  Pylon  
  76  9:23  Immortal (Chrono Boost)  
  80  9:25  Pylon  
  80  9:26  Pylon  
  76  9:50  Pylon  
  48  10:23  Zealot x4  
  48  10:24  Zealot  
  55  10:32  Photon Cannon  
  55  10:35  Photon Cannon  
  40  11:16  Stalker  
  40  11:17  Stalker  
  44  11:25  Zealot x2  
  46  11:39  Pylon  
  45  12:39  Nexus  
Tags
 
Add a new tag
Caveats
  • Supply blocks, unpowered buildings, or Contaminate may cause inaccurate times.
  • Supply counts are checked every 10 seconds.